 Dungeon Crawl Stone Soup version 0.17.0-24-gcfadda4 (console) character file.

377 gw the Cudgeler (level 6, -2/57 HPs)
             Began as a Deep Dwarf Abyssal Knight on Nov 16, 2015.
             Was a Believer of Lugonu.
             Slain by Eustachio
             ... wielding a +5 falchion of electrocution
              (16 damage)
             ... on level 4 of the Dungeon.
             The game lasted 00:02:18 (2250 turns).

gw the Cudgeler (Deep Dwarf Abyssal Knight)         Turns: 2250, Time: 00:02:18

Health: -2/57      AC: 10    Str: 16      XL:     6   Next: 45%
Magic:  9/9        EV:  7    Int: 10 (12) God:    Lugonu [**....]
Gold:   112        SH:  0    Dex: 13 (14) Spells: 0 memorised, 5 levels left

rFire  . . .     SeeInvis .     a - +0 flail
rCold  + . .     Clarity  +     k - +0 chain mail
rNeg   . . .     SustAt   .     (no shield)
rPois  .         Gourm    .     (no helmet)
rElec  .         Spirit   .     b - +0 cloak
rCorr  .         Warding  .     (no gloves)
rMut   .         Stasis   .     (no boots)
MR     .....                    h - amulet of clarity
Stlth  ..........               (no ring)
                                o - ring of protection from cold

@: non-regenerating, not resistant to hostile enchantments, extremely unstealthy
A: damage resistance, recharge devices, sense surroundings 1, slow regeneration
3
a: Device Recharging, Depart the Abyss, Bend Space, Renounce Religion


You were on level 4 of the Dungeon.
You worshipped Lugonu.
Lugonu was pleased with you.
You were hungry.

You visited 1 branch of the dungeon, and saw 4 of its levels.
You visited the Abyss 1 time.

You collected 112 gold pieces.

Inventory:

Hand Weapons
 a - a +0 flail (weapon)
Missiles
 e - 5 silver bolts
 g - 50 bolts
Armour
 b - a +0 cloak (worn)
 k - a +0 chain mail (worn)
Jewellery
 h - an amulet of clarity (around neck)
 o - a ring of protection from cold (left hand)
Wands
 c - a wand of heal wounds (0)
Scrolls
 i - a scroll of identify
 l - a scroll of blinking {unknown}
 m - 2 scrolls of remove curse
Potions
 j - 2 potions of brilliance
Comestibles
 d - a bread ration
 f - 2 meat rations
 p - 3 fruits


   Skills:
 + Level 3.7 Fighting
 * Level 4.7 Maces & Flails
 + Level 3.7 Armour
 - Level 1.1 Dodging
 + Level 4.5 Invocations


You had 5 spell levels left.
You didn't know any spells.

Dungeon Overview and Level Annotations

Branches:
Dungeon (4/15)             Temple (0/1) D:4

Altars:
Ru
Sif Muna

Annotations:
D:4 Eustachio


Innate Abilities, Weirdness & Mutations

You are resistant to damage.
You can recharge devices by infusing magical energy.
You passively map a small area around you.
You do not regenerate naturally.


Message History

The quasit is lightly wounded.
The quasit bites you but does no damage.
The quasit barely misses you.
The quasit claws you but does no damage.
The shadow imp spits at you. The shadow imp gestures at you.
Pain shoots through your body!
The shadow imp hits you but does no damage.
You fail to use your ability.
The quasit bites you.
The quasit claws you but does no damage.
The quasit completely misses you.
The shadow imp hits you but does no damage.
The shadow imp gestures at you. Pain shoots through your body!
The quasit bites you but does no damage.
The quasit claws you but does no damage.
The quasit closely misses you.
Eustachio hits you with a falchion of electrocution.
You are electrocuted!
You die...

...*#..#..............##
...##..#.............##
~.........(.........##
~~.?...##...#####.#.## >
~~.#...#..### #.#..#
~~.....!.## #.##.# ~
~~.....%.# #.##.# ~
~.......@### #.##)#
,.....#.g5..# #.##.#
,....###55r.# #..<.### ,
, .... #b...# ##......
.##* #.>...# #...... * *
##....# #...... ....#
#...... * * , * .....
####### , ......, ,


You could see Eustachio, a quasit, 2 shadow imps, a quokka and a bat.

Table legend:
 A = Turns spent in this place as a percentage of turns spent in the entire game.
 B = Non-inter-level travel turns spent in this place as a percentage of non-inter-level travel turns spent in the entire game.
 C = Inter-level travel turns spent in this place as a percentage of turns spent in this place.
 D = Turns resting spent in this place as a percentage of non-inter-level travel turns spent in this place.
 E = Turns spent auto-exploring this place as a percentage of non-inter-level travel turns spent in this place.
 F = Non-inter-level travel turns spent in this place divided by the number of levels of this place that you've seen.
                   A       B       C       D       E      F
               +-------+-------+-------+-------+-------+----------------------
         Total | 100.0 | 100.0 |   0.2 |   0.0 |   2.7 | 976.4
       Dungeon |  98.9 |  98.9 |   0.2 |   0.0 |   2.7 | 1207.5
         Abyss |   1.1 |   1.1 |   0.0 |   0.0 |   7.7 |  52.0
               +-------+-------+-------+-------+-------+----------------------

Table legend:
 A = Kills in this place as a percentage of kills in entire the game.
 B = Kills by you in this place as a percentage of kills by you in the entire game.
 C = Kills by friends in this place as a percentage of kills by friends in the entire game.
 D = Other kills in this place as a percentage of other kills in the entire game.
 E = Experience gained in this place as a percentage of experience gained in the entire game.
 F = Experience gained in this place divided by the number of levels of this place that you have seen.
                   A       B       C       D       E      F
               +-------+-------+-------+-------+-------+----------------------
         Total | 100.0 | 100.0 |  -nan |  -nan | 100.0 | 107.8
       Dungeon | 100.0 | 100.0 |  -nan |  -nan | 100.0 | 134.8
               +-------+-------+-------+-------+-------+----------------------

Vanquished Creatures
  Sigmund (D:4)
  An orc wizard (D:3)
  Crazy Yiuf (D:2)
  Terence (D:2)
  5 adders
  An ooze (D:2)
  A worm (D:2)
  3 giant geckos (D:2)
  9 orcs (D:3)
  4 giant cockroaches
  5 goblins
  9 hobgoblins
  9 jackals
  A ball python (D:1)
  12 bats
  2 giant newts
  5 kobolds
  7 rats
77 creatures vanquished.

Notes
Turn   | Place    | Note
--------------------------------------------------------------
     0 | Abyss:1  | gw the Deep Dwarf Abyssal Knight began the quest for the Orb.
     0 | Abyss:1  | Reached XP level 1. HP: 20/20 MP: 2/2
     2 | Abyss:1  | Found a corrupted altar of Lugonu.
    29 | Abyss:1  | Found a corrupted altar of Lugonu.
    82 | Abyss:1  | Found a corrupted altar of Lugonu.
   119 | Abyss:1  | Noticed a hellwing
   120 | D:1      | Escaped the Abyss
   153 | D:1      | Reached * piety under Lugonu
   194 | D:1      | Reached XP level 2. HP: 27/27 MP: 4/4
   806 | D:2      | Reached skill level 3 in Invocations
   806 | D:2      | Reached XP level 3. HP: 28/33 MP: 5/5
  1057 | D:2      | Reached ** piety under Lugonu
  1123 | D:2      | Reached XP level 4. HP: 22/42 MP: 6/6
  1179 | D:2      | Noticed Terence
  1183 | D:2      | Killed Terence
  1279 | D:2      | Noticed Crazy Yiuf
  1288 | D:2      | Killed Crazy Yiuf
  1288 | D:2      | Reached XP level 5. HP: 49/49 MP: 7/7
  1524 | D:2      | Found a deep blue altar of Sif Muna.
  1683 | D:3      | Reached skill level 4 in Maces & Flails
  1763 | D:3      | Found a sacrificial altar of Ru.
  2146 | D:4      | Noticed Sigmund
  2201 | D:4      | Killed Sigmund
  2201 | D:4      | Reached XP level 6. HP: 42/57 MP: 9/9
  2230 | D:4      | Noticed Eustachio
  2250 | D:4      | Slain by Eustachio

Action                   |  1- 3 |  4- 6 || total
-------------------------+-------+-------++-------
Melee: Mace              |   119 |    39 ||   158
       Flail             |       |   136 ||   136
Invok: Depart the Abyss  |     1 |       ||     1
Evoke: Wand              |     3 |    15 ||    18
  Use: Scroll            |     4 |     4 ||     8
       Potion            |     2 |     3 ||     5
  Eat: Chunk             |     1 |     4 ||     5

Vault maps used:
D:1:      minmay_arrival_semitransparent
D:2:      lemuel_coloured_pillars_altar, uniq_terence, uniq_crazy_yiuf_cottage
D:3:      hangedman_ru_absence
D:4:      marbit_many_paths, temple_pool_a, first_bread, grunt_ministairs_5,
          amethyst_killhole, uniq_blork_the_orc, uniq_eustachio, uniq_sigmund
